 Dungeon Crawl Stone Soup version 0.20.0-15-g7f486f2 (webtiles) character file.

310 daftwullie the Cudgeler (level 6, -8/62 HPs)
             Began as an Ogre Warper on July 1, 2017.
             Killed from afar by Blork the orc (12 damage)
             ... with a puff of flame
             ... on level 4 of the Dungeon.
             The game lasted 00:42:27 (5282 turns).

daftwullie the Cudgeler (Ogre Warper)               Turns: 5282, Time: 00:42:27

Health: -8/62      AC:  3    Str: 16    XL:     6   Next: 41%
Magic:  3/11       EV: 10    Int: 16    God:
Gold:   182        SH:  0    Dex:  8    Spells: 8/12 levels left

rFire    . . .     SeeInvis .   a - +1 mace
rCold    + . .     Gourm    .   (no shield)
rNeg     . . .     Faith    .   b - +0 robe
rPois    .         Spirit   .   (helmet restricted)
rElec    .         Reflect  .   (no cloak)
rCorr    .         Harm     +   (gloves unavailable)
MR       .....                  (boots unavailable)
Stlth    +.........             e - amulet of harm
Regen    0.2/turn               g - ring of protection from cold
MPRegen  0.2/turn               (no ring)

@: shrouded, hasted, very quick
A: unfitting armour, tough skin 1
a: no special abilities


You were on level 4 of the Dungeon.
You were hungry.

You visited 1 branch of the dungeon, and saw 4 of its levels.

You collected 182 gold pieces.

Inventory:

Hand Weapons
 a - a +1 mace (weapon)
 m - a +1 spear of flaming
 q - a cursed -2 dagger
 x - a +0 short sword of holy wrath
Missiles
 p - 89 stones (quivered)
 u - 2 tomahawks
Armour
 b - a +0 robe (worn)
 s - a +2 shield
Jewellery
 e - an amulet of harm (around neck)
 g - a ring of protection from cold (left hand)
Wands
 h - a wand of iceblast (4/15)
 E - a wand of iceblast (5/15)
Scrolls
 d - a scroll of remove curse
 w - a scroll of enchant weapon
 y - a scroll of noise {unknown}
 z - a scroll of fog {unknown}
Potions
 k - a potion of heal wounds {unknown}
 n - a potion of brilliance {unknown}
 r - a potion of haste
 t - a potion of agility {unknown}
 v - a potion of berserk rage {unknown}
 A - a potion of curing
 C - 2 potions of resistance
Books
 c - a book of Spatial Translocations

   Spells                             Type                      Level
   a - Blink                          Translocation                2
   b - Shroud of Golubria             Charms/Translocation         2
   c - Lesser Beckoning               Translocation                3
   d - Gell's Gravitas                Translocation                3
   e - Teleport Other                 Translocation                3
   f - Passage of Golubria            Translocation                4
 B - a book of Misfortune

   Spells                             Type                      Level
   a - Confusing Touch                Hexes                        1
   b - Confuse                        Hexes                        3
   c - Gell's Gravitas                Translocation                3
   d - Petrify                        Transmutation/Earth          4
   e - Metabolic Englaciation         Hexes/Ice                    5
   f - Yara's Violent Unravelling     Hexes/Transmutation          5
 D - a book of Air

   Spells                             Type                      Level
   a - Shock                          Conjuration/Air              1
   b - Swiftness                      Charms/Air                   2
   c - Static Discharge               Conjuration/Air              3
   d - Airstrike                      Air                          4
   e - Lightning Bolt                 Conjuration/Air              5
Comestibles
 f - 2 bread rations
 i - a meat ration
 j - 4 fruits
 l - a royal jelly
 o - 2 chunks of flesh


   Skills:
 + Level 3.9 Fighting
 * Level 3.9 Maces & Flails
 * Level 2.5 Throwing
 - Level 2.1 Dodging
 * Level 3.6 Spellcasting
 + Level 1.0 Charms
 + Level 3.2 Translocations


You had 8 spell levels left.
You knew the following spells:

 Your Spells              Type           Power        Failure   Level  Hunger
a - Shroud of Golubria    Chrm/Tloc      #.........   11%         2    ##.....
b - Blink                 Tloc           N/A          7%          2    ##.....


Dungeon Overview and Level Annotations

Branches:
Dungeon (4/15)
 Temple: D:4-7

Altars:
Cheibriados
Dithmenos
Okawaru
Qazlal
Trog

Annotations:
D:4 Blork the orc, Sigmund


Innate Abilities, Weirdness & Mutations

You are too large for most types of armour.
You have tough skin. (AC +1)


Message History

Deactivating autopickup; reactivate with Ctrl-A.
Your shroud bends something's attack away.
Okay, then.
Casting: Shroud of Golubria
Confirm with . or Enter, or press ? or * to list all spells.
You blink.
You feel yourself speed up.
You hear some strange, mumbled words.
A puff of flame appears from out of thin air!
The puff of flame hits you!
* * * LOW HITPOINT WARNING * * *
Casting: Blink
Confirm with . or Enter, or press ? or * to list all spells.
You blink.
Casting: Blink
Confirm with . or Enter, or press ? or * to list all spells.
You blink.
A puff of flame appears from out of thin air!
The puff of flame hits you!
You die...

#..##..##..#..##..###########..#.
#...##..##...##...#..............
#..#.##..#..##.#..#..............
#..#..##...##..#..'..............
#..#,#.##.##.#.#.###########...##
#..#,*#.#.#.##.#..##.....####'###
##.#.**.#.#.##.#.................
*.##.*,#.#.#.##.................
*,,*#.,#.#..##.@................
**,,*#.#.#.##....##......##.....
**,,*#...##.....######'########
**,,##.##.......#.............
**,,#.#.......##.............
**.....#.....##.............
**,.#.#........ยง.............
**,.##.##..............#######
**,.#*...##.............##.....


There were no monsters in sight!

Vanquished Creatures
  A phantom (D:4)
  A hound (D:4)
  Ijyb (D:3)
  A worker ant (D:4)
  A howler monkey skeleton (D:4)
  4 adders
  2 oozes
  An adder skeleton (D:4)
  3 worms
  4 leopard geckos
  6 orcs
  9 bats
  5 giant cockroaches
  4 goblins
  6 hobgoblins
  2 quokkas
  3 ball pythons
  5 frilled lizards
  3 kobolds
  A quokka skeleton (D:4)
  4 rats
67 creatures vanquished.

Notes
Turn   | Place    | Note
-------+----------+-------------------------------------------
     0 | D:1      | daftwullie the Ogre Warper began the quest for the Orb.
     0 | D:1      | Reached XP level 1. HP: 22/22 MP: 3/3
   197 | D:1      | Reached XP level 2. HP: 25/29 MP: 5/5
   242 | D:1      | Learned a level 2 spell: Shroud of Golubria
   245 | D:1      | Learned a level 2 spell: Blink
   875 | D:2      | Found an iron altar of Okawaru.
   879 | D:2      | Reached XP level 3. HP: 32/36 MP: 6/6
   883 | D:2      | Found a stormy altar of Qazlal.
   886 | D:2      | Found a snail-covered altar of Cheibriados.
  1011 | D:2      | Found a bloodstained altar of Trog.
  1569 | D:2      | Found a shadowy altar of Dithmenos.
  1843 | D:3      | Reached XP level 4. HP: 41/45 MP: 8/8
  1878 | D:3      | Noticed Ijyb
  1900 | D:3      | Killed Ijyb
  2495 | D:3      | Reached XP level 5. HP: 21/53 MP: 0/9
  3359 | D:4      | Noticed a phantom
  3911 | D:4      | Noticed Blork the orc
  3925 | D:4      | Noticed Sigmund
  3941 | D:4      | HP: 2/53 [hound (1)]
  4386 | D:4      | Noticed a wyvern
  4726 | D:4      | Killed a phantom
  4726 | D:4      | Reached skill level 1 in Charms
  4726 | D:4      | Reached XP level 6. HP: 15/62 MP: 6/11
  5275 | D:4      | HP: 3/62 [something/puff of flame (13)]
  5282 | D:4      | Killed from afar by Blork the orc

Skill      XL: |  1  2  3  4  5 |
---------------+----------------+-----
Maces & Flails | 2 3 |  3.9
Fighting       | 3 |  3.9
Throwing       | 2 |  2.5
Spellcasting   | 3 |  3.6
Translocations | 3 |  3.2
Charms         | 1 |  1.0
Dodging        | |  2.1

Action                   |  1- 3 |  4- 6 || total
-------------------------+-------+-------++-------
Melee: Mace              |   117 |   199 ||   316
Throw: Stone             |    10 |    99 ||   109
       Tomahawk          |     5 |       ||     5
 Cast: Shroud of Golubri |     5 |    28 ||    33
       Blink             |       |    14 ||    14
  Use: Potion            |       |     5 ||     5
       Scroll            |       |     6 ||     6
  Eat: Chunk             |     3 |    11 ||    14
       Royal jelly       |       |     1 ||     1
Armor: Robe              |    36 |    32 ||    68
Dodge: Dodged            |    71 |   122 ||   193
